Losut, chaotic female elven Ranger ------ |<...|## |....|## |.....### |....| % ------ ### # ### # #@j # # Losut the Trailblazer Experience level: 6 Strength: 15 Dexterity: 10 Constitution: 15 Intelligence: 14 Wisdom: 14 Charisma: 8 Health: 0(35) Energy: 38(38) Def: 11 Gold: 130 Moves: 1483 Dungeon seed: VyX0UIAsdEVrtchA Game ID: Losut_1710545932 Your Inventory: Coins $ - 130 gold pieces Weapons a - the +1 Sting (weapon in hand) b - a +1 elven bow (alternate weapon; not wielded) c - 38 +2 elven arrows (in quiver) d - 36 +0 elven arrows s - a +0 crossbow t - 5 +0 crossbow bolts x - 2 blessed +1 darts Armor e - an uncursed +2 elven cloak (being worn) q - an uncursed +0 pair of high boots (being worn) y - a blessed +0 dwarvish cloak N - an uncursed +0 dwarvish mithril-coat (being worn) Comestibles f - 4 uncursed lembas wafers h - an uncursed slime mold i - an uncursed food ration Spellbooks l - an uncursed spellbook of create monster Potions m - an uncursed potion of booze o - a blessed potion of paralysis Rings g - an uncursed -1 ring of increase accuracy (on left hand) D - an uncursed ring of fire resistance (on right hand) Tools A - an uncursed partly used wax candle (lit) (0:204) Gems n - an uncursed worthless piece of white glass r - 2 uncursed jade stones z - an uncursed worthless piece of yellowish brown glass C - an uncursed worthless piece of violet glass Spells and supernatural/magical abilities: Name Level Category Fail Memory O - create monster 2 clerical 100% 96% W - pray for help -- divine ? -- Your skills at the end: Fighting Skills Weapon Skills dagger [Basic] bow [Basic] Spellcasting Skills Final Attributes: You were piously aligned. You were fire resistant. You were sleep resistant. You were aware of the presence of orcs. You had automatic searching. You had infravision. You were stealthy. You had a -1 penalty to hit. You are dead. Vanquished creatures: a bugbear 4 gnome lords 5 dwarves a rothe an iguana 3 killer bees 2 cave spiders 16 gnomes 2 geckos 5 jackals a fox a kobold 5 sewer rats 6 grid bugs 5 lichens 4 newts 62 creatures vanquished. Voluntary challenges: You were an atheist. You used a wielded weapon 77 times, starting on turn 1. You read items or engraved 6 times, starting on turn 438. You never genocided any monsters. You never polymorphed an object. You never changed form. You used no wishes. You never split a pudding. You never wrote Elbereth's name. You never violated your personal moral code. Dungeon overview: The Dungeons of Doom: levels 1 to 2 Level 1 a long staircase Level 2 stairs to The Gnomish Mines The Gnomish Mines: levels 3 to 5 Level 3 stairs to The Dungeons of Doom Level 4 Level 5 <- You were here History has recorded: On T:1 you entered the Dungeons of Doom to retrieve the Amulet of Yendor! On T:389 you advanced to experience level 2. On T:412 you reached level 2 of The Dungeons of Doom. On T:645 you reached level 1 of The Gnomish Mines. On T:661 you advanced to experience level 3. On T:701 you advanced to experience level 4. On T:860 you advanced to experience level 5. On T:944 you reached level 2 of The Gnomish Mines. On T:1446 you reached level 3 of The Gnomish Mines. On T:1463 you advanced to experience level 6. Score breakdown: Gold: 130 ( 7202 points) Experience: 6 levels (12456 points) Exploration: 5 levels ( 10.87%) ( 8944 points) Discoveries: 6 items ( 2.07%) ( 4315 points) Valuables value: (no points given unless you survive) Artifact value: 800 ( 9877 points) Variety of kills: 16 monsters ( 4.20%) ( 6147 points) Turncount: 1483 turns ( 0 points) Survival: died (score multiplied by 80%) Total score: 39152 Latest messages: You miss the killer bee. The killer bee stings! (2x) You hit the killer bee. The killer bee misses. You kill the killer bee! Welcome to experience level 6. The killer bee misses. You miss the killer bee. The killer bee misses. You kill the killer bee! The killer bee stings! You miss the killer bee. The killer bee stings! You kill the killer bee! The killer bee stings! You miss the killer bee. The killer bee misses. You hit the killer bee. The killer bee turns to flee! You see here a killer bee corpse. You hear the splashing of a naiad. You hit the blue jelly! (2x) You are suddenly very cold! You hit the blue jelly. You are suddenly very cold! You die... Final status: Goodbye Losut the Ranger, killed by a blue jelly... You died in The Gnomish Mines on dungeon level 5 with 39152 points, and 130 pieces of gold, after 1483 moves. You were level 6 with a maximum of 35 hit points when you died.